 Dungeon Crawl Stone Soup version 0.15.0-27-gbdb0435 (webtiles) character file.

24326 Kold the Spry (level 12, -1/60 HPs)
             Began as a Felid Chaos Knight on Sept 3, 2014.
             Was a Plaything of Xom.
             Killed from afar by a fire dragon (14 damage)
             ... with a blast of flame
             ... on Level 8 of the Lair of Beasts on Sept 10, 2014.
             The game lasted 01:46:54 (30926 turns).

Kold the Spry (Felid Chaos Knight)                 Turns: 30926, Time: 01:46:54

HP  -1/60        AC  7     Str  8      XL: 12   Next: 79%
MP  15/28        EV 40     Int 14      God: Xom
Gold 1950        SH  3     Dex 24      Spells:  3 memorised,  1 level left
Lives: 0, deaths: 4

rFire  + + .     SeeInvis +       - Unarmed
rCold  + + .     Clarity  .     (armour unavailable)
rNeg   . . .     rCorr    .     (shield unavailable)
rPois  .         rRot     .     (helmet unavailable)
rElec  .         Spirit   .     (cloak unavailable)
SustAb .         Warding  .     (gloves unavailable)
rMut   .         Stasis   .     (boots unavailable)
Gourm  .                        L - amulet of faith
MR     +....                    z - +2 ring of dexterity
                                a - +4 ring of evasion

@: marked, hasted, very quick, somewhat resistant to hostile enchantments,
stealthy
A: paw claws, no armour, no weapons or thrown items, fangs 3, horns 2, icy blue
scales 1, large bone plates 2, see invisible, agile 1, carnivore 3, cold
resistance 1, deterioration 1, fire resistance 2, speed 1, high mp 2, shaggy fur
3, slow metabolism 1, evolution 1, jump 3, forlorn
a: Jump Attack, Renounce Religion


You were on level 8 of the Lair of Beasts.
You worshipped Xom.
You were a plaything of Xom.
You were full.

You visited 3 branches of the dungeon, and saw 21 of its levels.

You collected 2040 gold pieces.
You spent 90 gold pieces at shops.

Inventory:

Magical devices
 m - a wand of fireball (3)
 r - a wand of draining (0)
 v - a wand of random effects (15)
 K - a wand of fireball (5)
 O - a wand of hasting (3)
Comestibles
 c - 14 meat rations
 o - 2 slices of pizza
 w - 3 chunks of giant leech flesh
 C - 3 rotting chunks of lindwurm flesh
 E - 12 royal jellies
 F - 4 beef jerkies
Scrolls
 b - 19 scrolls of remove curse
 d - 3 scrolls of teleportation
 f - 5 scrolls of recharging
 g - 2 scrolls of fog
 i - 6 scrolls of identify
 j - 2 scrolls of blinking
 k - 4 scrolls of magic mapping
 l - 7 scrolls of amnesia
 n - 2 scrolls of fear
 x - a scroll of torment
Jewellery
 a - a +4 ring of evasion (left paw)
 p - an uncursed amulet of resist mutation
 s - an uncursed ring of teleport control
 z - a +2 ring of dexterity (right paw)
 L - an amulet of faith (around neck)
 N - an uncursed amulet of stasis
 S - an uncursed ring of flight
Potions
 e - 2 potions of haste
 h - 8 potions of curing
 q - 2 potions of invisibility
 u - 5 potions of heal wounds
 B - 4 potions of cancellation
 G - 3 potions of brilliance
 P - 2 potions of resistance
 U - a potion of agility
Books
 y - a book of Maledictions

   Spells                             Type                      Level
   Corona                             Hexes                        1
   Sure Blade                         Hexes/Charms                 2
   *Ensorcelled Hibernation           Hexes/Ice                    2
   *Confuse                           Hexes                        3
   Dazzling Spray                     Conjuration/Hexes            3
   Enslavement                        Hexes                        4
 A - a Necronomicon {highlevel, unknown}

   This book is beyond your current level of understanding.

   Spells                             Type                      Level
   Haunt                              Necromancy/Summoning         7
   Borgnjor's Revivification          Necromancy                   8
   Death's Door                       Charms/Necromancy            8
   Necromutation                      Transmutation/Necromancy     8
 D - a book of Frost

   Spells                             Type                      Level
   Freeze                             Ice                          1
   Throw Frost                        Conjuration/Ice              2
   Ozocubu's Armour                   Charms/Ice                   3
   Throw Icicle                       Conjuration/Ice              4
   Summon Ice Beast                   Ice/Summoning                4
   Condensation Shield                Ice                          4
 I - a book of Ice

   Spells                             Type                      Level
   *Metabolic Englaciation            Hexes/Ice                    5
   Ozocubu's Refrigeration            Ice                          6
   Bolt of Cold                       Conjuration/Ice              6
   Freezing Cloud                     Conjuration/Ice/Air          6
   Simulacrum                         Ice/Necromancy               6
 M - a Young Poisoner's Handbook

   Spells                             Type                      Level
   Sting                              Conjuration/Poison           1
   Cure Poison                        Poison                       2
   Mephitic Cloud                     Conjuration/Poison/Air       3
   Olgreb's Toxic Radiance            Poison                       4
   Venom Bolt                         Conjuration/Poison           5
 Q - a book of Hinderance

   Spells                             Type                      Level
   Confusing Touch                    Hexes                        2
   *Confuse                           Hexes                        3
   Petrify                            Transmutation/Earth          4
   Leda's Liquefaction                Hexes/Earth                  4
   *Metabolic Englaciation            Hexes/Ice                    5
   Summon Mana Viper                  Hexes/Summoning              5
 T - a book of Necromancy

   Spells                             Type                      Level
   Pain                               Necromancy                   1
   Animate Skeleton                   Necromancy                   1
   Vampiric Draining                  Necromancy                   3
   Regeneration                       Charms/Necromancy            3
   Animate Dead                       Necromancy                   4
   Control Undead                     Necromancy                   4
Miscellaneous
 t - a sack of spiders {used: 1}
 H - a sack of spiders {used: 1}


   Skills:
 - Level 11.0 Fighting
 + Level 16.2 Dodging
 - Level 5.1 Stealth
 - Level 10.0 Unarmed Combat
 - Level 12.0 Hexes
 - Level 12.0 Ice Magic
 - Level 5.0 Evocations


You had one spell level left.
You knew the following spells:

 Your Spells              Type           Power        Failure   Level  Hunger
a - Ensorcelled Hibernat  Hex/Ice        ####..       1%          2    ###....
b - Confuse               Hex            ####....     1%          3    ####...
c - Metabolic Englaciati  Hex/Ice        ####......   8%          5    ######.


Dungeon Overview and Level Annotations

Branches:
Dungeon (10/15)            Temple (0/1) D:4             Orc (3/4) D:9
   Lair (8/8) D:8           Swamp (0/5) Lair:4        Snake (0/5) Lair:6
  Slime (0/6) Lair:6
    Elf: Orc:3-4

Altars:
Ashenzari
Dithmenos
Elyvilon
Fedhas
Qazlal
Sif Muna
Trog
Vehumet
Xom
Yredelemnul
The Shining One
Beogh
Jiyva

Shops:
D:5 ?   Orc:3 [

Annotations:
D:4 Franky's ghost, average GrMo
Orc:3 Gastronok
Lair:1 1 exclusion
Lair:8 exclusions: oklob plant and 1 more exclusion


Innate Abilities, Weirdness & Mutations

You cannot wear armour.
You are incapable of wielding weapons or throwing items.
Your paws have sharp claws.
You have razor-sharp teeth.
You have supernaturally acute eyesight.
You are carnivorous and can eat meat at any time.
You cover ground quickly.
Your thick and shaggy fur keeps you warm (AC +3, rC+).
You have a slow metabolism.
You can jump attack at a long distance.
You have a pair of horns on your head.
You are partially covered in icy blue scales (AC +1).
You are mostly covered in large bone plates (AC +3, SH +3).
You are agile. (Dex +2)
Your flesh is cold resistant.
Your body is slowly deteriorating.
Your flesh is very heat resistant.
You have a considerably increased reservoir of magic (+20% MP).
You evolve.
You have difficulty communicating with the divine.


Message History

In your confused state, you trip and fall back down the stairs.
The fire dragon completely misses you. x2
The fire dragon tramples you.
* * * LOW HITPOINT WARNING * * *
You stumble backwards!
The fire drake misses you. The fire dragon completely misses you.
The fire dragon claws you.
* * * LOW HITPOINT WARNING * * *
The fire dragon misses you.
Drink which item? (? for menu, Esc to quit)
You feel better. The fire dragon closely misses you.
You block the fire dragon's attack. The fire dragon barely misses you.
The fire drake closely misses you. The fire dragon bites you!
* * * LOW HITPOINT WARNING * * *
The fire dragon completely misses you. x2
Drink which item? (? for menu, Esc to quit)
You feel yourself speed up. The fire drake completely misses you.
The fire dragon breathes flames at you. The blast of flame hits you!
You resist.
You die...
Xom titters!

#####.....PPP..............##.#
##........PP...............####
.#..........P...............#
.....#.....................##
P....#.......[...........P.#
...........................#
..#..#...........<......P..#
................Dk.....#####
)....#..........@......##
.......................P#
..P.......#.............###
..........#..............P#
##.....PP#.PP.........P...#####
#[#P....P.PP.P................#
(#..............P.............# #
................P#....P..#...P###
.................P........P...#..


You could see a fire dragon and a fire drake.

Vanquished Creatures
  Snorg (Lair:6)
  A fire dragon (Lair:8)
  3 hydras
  Erica (Lair:1)
  3 death yaks
  2 lindwurms
  A harpy (Lair:1)
  3 griffons
  An oklob plant (D:6)
  A guardian serpent (Lair:6)
  5 black mambas
  The ghost of TAS2012 the Ruffian, an experienced VSMo of Cheibriados (D:5)
  A torpor snail (Lair:8)
  The ghost of TZer0 the Cleaver, an experienced VSBe of Trog (D:8)
  3 elephants (Lair:2)
  12 komodo dragons
  16 spiny frogs
  2 trolls
  14 fire drakes
  3 giant leeches (Lair:8)
  A raiju (Lair:1)
  25 blink frogs
  A two-headed ogre (D:9)
  5 basilisks
  17 yaks
  3 hippogriffs
  A hog (D:9)
  3 steam dragons
  Menkaure (D:5)
  A mottled dragon (Lair:8)
  2 ice beasts
  A dwarf (Lair:1)
  10 orc warriors
  9 porcupines
  9 water moccasins
  2 deep dwarves (D:9)
  5 sky beasts
  A spider (D:9)
  2 phantoms
  5 ogres
  15 crocodiles
  3 centaurs
  14 giant frogs
  6 brain worms
  Blork the orc (D:6)
  2 scorpions
  10 killer bees
  4 electric eels
  3 crimson imps
  A goliath beetle (D:8)
  4 hounds
  4 quasits
  A giant frog zombie (D:7)
  An iron imp (Lair:1)
  4 jellies
  15 orc priests
  10 orc wizards
  3 orange rats (Lair:8)
  5 worker ants
  18 iguanas
  A killer bee zombie (D:9)
  36 sheep
  A statue (D:8)
  28 adders
  An adder (shapeshifter) (Lair:3)
  6 gnolls
  30 green rats
  2 white imps
  2 shadow imps
  18 worms
  An iguana skeleton (D:6)
  6 giant geckos
  3 oozes
  90 orcs
  2 bat zombies
  4 giant cockroaches
  18 goblins
  19 hobgoblins
  4 jackals (D:1)
  12 quokkas
  9 bats
  5 giant newts
  2 giant spores
  A goblin skeleton (D:4)
  A hobgoblin zombie (D:6)
  11 kobolds
  A kobold skeleton (D:4)
  A kobold zombie (D:4)
  4 orc skeletons
  An orc zombie (D:9)
  18 rats
  A rat zombie (D:7)
  A ballistomycete (D:8)
  A fungus (Lair:1)
  A plant (Lair:8)
645 creatures vanquished.

Vanquished Creatures (collateral kills)
  A harpy (Lair:1)
  A torpor snail (Lair:4)
  An elephant (Lair:2)
  2 spiny frogs
  A feature mimic (D:9)
  2 komodo dragons
  4 blink frogs
  A boulder beetle (Lair:7)
  A wyvern (Lair:7)
  5 yaks (Lair:1)
  A soldier ant (D:9)
  A warg (D:9)
  A wolf (Lair:2)
  An orc warrior (D:9)
  An ogre (D:9)
  A troll skeleton (D:9)
  An elf skeleton (D:9)
  3 sheep (Lair:8)
  3 green rats (Lair:1)
  2 orcs
  A bat (Orc:3)
  A hobgoblin (D:9)
  A fungus (Lair:7)
37 creatures vanquished.

Vanquished Creatures (others)
  A dancing weapon (Lair:1)
  A blink frog (Lair:1)
  A chaos spawn (Lair:7)
  A spider (Lair:8)
  3 crimson imps
  5 quasits
  An iron imp (Lair:1)
  6 shadow imps
  A white imp (Orc:3)
  6 ufetubi
  A kobold (D:5)
  A quokka (D:5)
  A goblin (Orc:3)
  A rat (D:6)
  8 fungi
  3 plants
  11 toadstools (Lair:8)
52 creatures vanquished.

Grand Total: 734 creatures vanquished

Notes
Turn   | Place    | Note
--------------------------------------------------------------
     0 | D:1      | Kold, the Felid Chaos Knight, began the quest for the Orb.
     0 | D:1      | Reached XP level 1. HP: 10/10 MP: 2/2
    24 | D:1      | XOM: divination: magic mapping
    85 | D:1      | Upgraded the game from 0.15.0-14-g6bbbb5c to 0.15.0-27-gbdb0435
   130 | D:1      | XOM: silly message
   353 | D:1      | Reached XP level 2. HP: 11/14 MP: 3/3
   364 | D:1      | Reached skill level 1 in Stealth
   948 | D:2      | Found a shadowy altar of Dithmenos.
  1001 | D:2      | Found a glowing golden altar of the Shining One.
  1001 | D:2      | Found a shattered altar of Ashenzari.
  1199 | D:2      | Reached XP level 3. HP: 13/17 MP: 5/5
  1200 | D:2      | XOM: god gift: thick cabochon amulet {god gift}
  1300 | D:3      | Reached skill level 4 in Unarmed Combat
  1304 | D:3      | Found a stormy altar of Qazlal.
  1678 | D:3      | Found a basalt altar of Yredelemnul.
  1695 | D:3      | Reached XP level 4. HP: 21/21 MP: 7/7
  1732 | D:3      | XOM: god gift: 31 gold pieces
  1782 | D:3      | XOM: 9-stop teleportation journey
  1887 | D:3      | XOM: noise
  1971 | D:3      | XOM: give mutations
  1971 | D:3      | Gained mutation: You have a somewhat thin skeletal structure (Dex +2, Stealth). [Xom's mischief]
  1971 | D:3      | Gained mutation: You are frail (-10% HP). [Xom's mischief]
  2070 | D:3      | XOM: harmless Fire miscast
  2404 | D:3      | XOM: colour smoke trail
  2453 | D:3      | XOM: medium Chrm miscast
  2698 | D:4      | Reached XP level 5. HP: 18/21 MP: 8/8
  2709 | D:4      | Reached skill level 5 in Stealth
  2815 | D:4      | XOM: give mutations
  2815 | D:4      | Gained mutation: Your flesh is heat resistant. [Xom's mischief]
  2815 | D:4      | Lost mutation: You are frail (-10% HP). [Xom's mischief]
  2830 | D:4      | Reached skill level 5 in Unarmed Combat
  2843 | D:4      | XOM: harmless Conj miscast
  3062 | D:4      | Found a staircase to the Ecumenical Temple.
  3125 | D:4      | Noticed Franky's ghost (average GrMo)
  3135 | D:4      | XOM: mild Tloc miscast
  3225 | D:3      | XOM: confusion
  3525 | D:4      | XOM: give mutations
  3525 | D:4      | Gained mutation: Your mind is acute. (Int +2) [Xom's mischief]
  3525 | D:4      | Lost mutation: You have a somewhat thin skeletal structure (Dex +2, Stealth). [Xom's mischief]
  3525 | D:4      | Gained mutation: You are frail (-10% HP). [Xom's mischief]
  3525 | D:4      | Gained mutation: Your body is slowly deteriorating. [Xom's mischief]
  3577 | D:4      | Found a bloodstained altar of Trog.
  3594 | D:4      | XOM: cast spell 'Beastly Appendage'
  3659 | D:4      | XOM: cast spell 'Blink'
  3670 | D:4      | XOM: divination: detect items
  3672 | D:4      | XOM: mild Chrm miscast
  3690 | D:4      | XOM: summons friendly iron imp
  3691 | D:5      | Entered Level 5 of the Dungeon
  3758 | D:4      | HP: 1/21 [kobold (2)]
  3778 | D:4      | XOM: fake destruction
  4215 | D:5      | Noticed Menkaure
  4356 | D:4      | XOM: give mutation
  4356 | D:4      | Gained mutation: You are partially covered in large bone plates (AC +2, SH +2). [Xom's grace]
  4480 | D:5      | Gained mutation: You are covered in thick fur (AC +2). [growing up]
  4480 | D:5      | Gained mutation: You can jump attack at a medium distance. [growing up]
  4480 | D:5      | Reached XP level 6. HP: 10/25 MP: 10/10
  4857 | D:5      | XOM: potion effect (agility)
  5100 | D:5      | XOM: enchant monster (good)
  5201 | D:5      | XOM: divination: detect creatures
  5279 | D:5      | Noticed TAS2012's ghost (experienced VSMo)
  5279 | D:5      | Found Twyvol's Magic Scroll Shoppe.
  5304 | D:5      | XOM: give mutations
  5304 | D:5      | Gained mutation: Your spells are a little harder to cast, but a little more powerful. [Xom's grace]
  5304 | D:5      | Gained mutation: You possess an exceptional clarity of mind. [Xom's grace]
  5304 | D:5      | Gained mutation: Your spells are harder to cast, but more powerful. [Xom's grace]
  5304 | D:5      | Gained mutation: You can translocate small distances at will. [Xom's grace]
  5503 | D:5      | Noticed a sky beast
  5551 | D:5      | XOM: divination: magic mapping
  5559 | D:5      | Killed a sky beast
  5559 | D:5      | Reached skill level 5 in Dodging
  5713 | D:5      | Killed Menkaure
  5713 | D:5      | Reached XP level 7. HP: 27/27 MP: 12/12
  5802 | D:5      | Found a white marble altar of Elyvilon.
  5814 | D:5      | Reached skill level 6 in Dodging
  6221 | D:5      | XOM: god gift: scroll labeled XOCONI FYTWITH
  6280 | D:6      | XOM: destruction
  6483 | D:6      | XOM: god gift: potion of curing
  6492 | D:6      | Found a deep blue altar of Sif Muna.
  6492 | D:6      | Noticed an oklob plant
  6494 | D:6      | Splashed by an oklob plant's acid
  6495 | D:6      | Reached XP level 6. HP: -4/25 MP: 10/10
  6519 | D:6      | Reached skill level 7 in Dodging
  6535 | D:6      | Learned a level 2 spell: Ensorcelled Hibernation
  6742 | D:6      | Found a deep blue altar of Sif Muna.
  6744 | D:6      | Noticed Blork the orc
  6755 | D:6      | XOM: colour smoke trail
  6776 | D:6      | Killed Blork the orc
  6776 | D:6      | Reached XP level 7. HP: 20/27 MP: 12/12
  6884 | D:6      | Killed an oklob plant
  6963 | D:6      | Reached XP level 8. HP: 28/30 MP: 13/13
  7000 | D:6      | XOM: potion effect (invisibility)
  7003 | D:6      | XOM: summons 2 hostile demons
  7004 | D:6      | Noticed an iron devil
  7006 | D:6      | Reached skill level 8 in Hexes
  7413 | D:7      | Found a bloodstained altar of Trog.
  7424 | D:7      | Reached skill level 9 in Hexes
  7644 | D:7      | XOM: medium Hex miscast
  7783 | D:7      | XOM: noise
  7789 | D:7      | Reached skill level 10 in Hexes
  7803 | D:7      | Learned a level 3 spell: Confuse
  7865 | D:7      | XOM: scenery: create altars
  7877 | D:7      | Found a shattered altar of Ashenzari.
  8332 | D:7      | XOM: silly message
  8713 | D:8      | XOM: god gift: potion of poison
  8921 | D:8      | Found a bloodstained altar of Trog.
  9044 | D:8      | XOM: mild Trmt miscast
  9067 | D:8      | XOM: harmless Pois miscast
  9140 | D:8      | Noticed TZer0's ghost (experienced VSBe)
  9277 | D:8      | XOM: give mutation
  9277 | D:8      | Lost mutation: You possess an exceptional clarity of mind. [Xom's mischief]
  9473 | D:8      | XOM: give mutations
  9473 | D:8      | Gained mutation: You have a pair of small horns on your head. [Xom's grace]
  9473 | D:8      | Gained mutation: Your thick and shaggy fur keeps you warm (AC +3, rC+). [Xom's grace]
  9473 | D:8      | Gained mutation: Your mind is very acute. (Int +4) [Xom's grace]
  9473 | D:8      | Gained mutation: Your system is resistant to poisons. [Xom's grace]
  9565 | D:8      | XOM: give mutations
  9565 | D:8      | Lost mutation: You are frail (-10% HP). [Xom's mischief]
  9565 | D:8      | Lost mutation: Your spells are harder to cast, but more powerful. [Xom's mischief]
  9565 | D:8      | Lost mutation: Your thick and shaggy fur keeps you warm (AC +3, rC+). [Xom's mischief]
  9565 | D:8      | Gained mutation: You are clumsy. (Dex -2) [Xom's mischief]
  9584 | D:8      | XOM: cast spell 'Flight'
  9689 | D:8      | Found a staircase to the Lair.
  9712 | D:8      | Found a radiant altar of Vehumet.
  9803 | D:8      | Reached XP level 9. HP: 37/37 MP: 15/15
  9928 | D:8      | XOM: divination: detect creatures
 10060 | D:8      | XOM: cast spell 'Summon Butterflies'
 10062 | D:8      | Killed TZer0's ghost
 10062 | D:8      | Reached skill level 10 in Dodging
 10103 | D:8      | Reached skill level 11 in Dodging
 10111 | D:8      | XOM: god gift: sack of spiders
 10355 | D:9      | Reached skill level 1 in Evocations
 10390 | D:9      | XOM: divination: detect creatures
 10420 | D:9      | Found a staircase to the Orcish Mines.
 10649 | D:9      | Reached skill level 5 in Evocations
 10663 | D:9      | Reached skill level 1 in Ice Magic
 10763 | D:9      | XOM: mild Divn miscast
 10846 | D:9      | XOM: god gift: blackened peridot amulet {god gift}
 10950 | D:9      | XOM: divination: detect items
 10951 | D:9      | XOM: summons 3 friendly demons
 10961 | D:9      | Killed a staircase mimic
 10993 | D:9      | XOM: summons 5 friendly demons
 11012 | D:9      | XOM: vitrification
 11038 | D:9      | XOM: polymorph soldier ant -> hog
 11283 | D:9      | Reached XP level 10. HP: 42/42 MP: 19/22
 11340 | D:9      | XOM: polymorph water moccasin -> deep dwarf
 11342 | D:9      | XOM: polymorph shadow imp -> white imp
 11355 | D:9      | XOM: summons 10 friendly demons
 11359 | D:9      | Reached skill level 5 in Ice Magic
 11693 | D:9      | XOM: polymorph ice beast -> deep dwarf
 11973 | D:9      | XOM: enchant monster (good)
 12016 | D:10     | Entered Level 10 of the Dungeon
 12090 | D:10     | XOM: god gift: 34 gold pieces
 12123 | D:10     | XOM: 1-stop teleportation journey
 12289 | D:8      | XOM: vitrification
 12295 | Lair:1   | Entered Level 1 of the Lair of Beasts
 12320 | Lair:1   | XOM: polymorph komodo dragon -> raiju
 12326 | Lair:1   | XOM: enchant monster (good)
 12341 | D:8      | XOM: god gift: 4 meat rations
 12346 | D:8      | XOM: god gift: blackened filigree amulet {god gift}
 12373 | Lair:1   | XOM: swap monsters
 12405 | Lair:1   | XOM: god gift: shiny silver wand {god gift}
 12539 | Lair:1   | XOM: divination: magic mapping
 12541 | Lair:1   | XOM: noise
 12544 | Lair:1   | XOM: swap monsters
 12545 | Lair:1   | XOM: divine lightning (protected)
 12548 | Lair:1   | XOM: summons 6 friendly demons
 12570 | Lair:1   | XOM: enchant monster (good)
 12684 | D:8      | XOM: 1-stop teleportation journey
 12942 | Lair:1   | Noticed a harpy
 12942 | Lair:1   | a yak changed into a harpy
 12942 | Lair:1   | XOM: polymorph yak -> harpy
 12943 | Lair:1   | XOM: fake destruction
 12952 | Lair:1   | XOM: summons 10 friendly demons
 12954 | Lair:1   | Killed a harpy
 12964 | Lair:1   | XOM: summons 6 friendly demons
 12993 | Lair:1   | XOM: scenery: 1 doors open
 13014 | Lair:1   | XOM: 2-stop teleportation journey
 13034 | Lair:1   | XOM: cast spell 'Summon Ice Beast'
 13304 | Lair:1   | XOM: fake destruction
 13322 | Lair:1   | XOM: god gift: potion of resistance
 13329 | Lair:1   | XOM: confuse monster(s)
 13340 | Lair:1   | XOM: enchant monster (good)
 13343 | Lair:1   | XOM: god gift: battleaxe {god gift}
 13344 | Lair:1   | XOM: cast spell 'Summon Horrible Things'
 13543 | Lair:1   | XOM: cast spell 'Metabolic Englaciation'
 13546 | Lair:1   | XOM: blink monster(s)
 13551 | Lair:1   | Reached XP level 11. HP: 45/45 MP: 15/23
 13847 | Lair:1   | XOM: 1-stop teleportation journey
 13864 | Lair:1   | XOM: noise
 13874 | Lair:1   | Found a basalt altar of Yredelemnul.
 13874 | Lair:1   | XOM: 7-stop teleportation journey
 13999 | Lair:1   | XOM: silly message
 14000 | Lair:1   | XOM: give mutations
 14000 | Lair:1   | Gained mutation: You are weak. (Str -2) [Xom's mischief]
 14000 | Lair:1   | Lost mutation: You are clumsy. (Dex -2) [Xom's mischief]
 14000 | Lair:1   | Lost mutation: Your spells are a little harder to cast, but a little more powerful. [Xom's mischief]
 14166 | Lair:1   | XOM: god gift: metal-bound book {god gift}
 14174 | Lair:1   | Learned a level 5 spell: Metabolic Englaciation
 14236 | Lair:1   | XOM: mild Necr miscast
 14267 | Lair:1   | XOM: blink monster(s)
 14483 | Lair:1   | XOM: noise
 14658 | Lair:1   | Noticed Erica
 14682 | Lair:1   | Killed Erica
 14682 | Lair:1   | Reached skill level 5 in Fighting
 14703 | Lair:1   | XOM: harmless Conj miscast
 14711 | Lair:1   | XOM: summons 3 hostile demons
 14808 | Lair:1   | XOM: medium Ice miscast
 14817 | Lair:1   | XOM: harmless Chrm miscast
 14824 | Lair:1   | Slain by a blink frog
 14825 | Lair:1   | Reached XP level 10. HP: -3/44 MP: 17/22
 15065 | Lair:1   | XOM: blink monster(s)
 15070 | Lair:1   | XOM: polymorph blink frog -> dwarf
 15074 | Lair:1   | Noticed a harpy
 15074 | Lair:1   | a blink frog changed into a harpy
 15074 | Lair:1   | XOM: polymorph blink frog -> harpy
 15079 | Lair:1   | XOM: enchant monster (bad)
 15081 | Lair:1   | XOM: medium Necr miscast
 15097 | Lair:1   | Killed a harpy
 15496 | Lair:2   | XOM: give mutations
 15496 | Lair:2   | Lost mutation: Your system is resistant to poisons. [Xom's mischief]
 15496 | Lair:2   | Lost mutation: Your body is slowly deteriorating. [Xom's mischief]
 15496 | Lair:2   | Gained mutation: You are partially covered in thin metallic scales (AC +2). [Xom's mischief]
 15496 | Lair:2   | Gained mutation: You are frail (-10% HP). [Xom's mischief]
 15581 | Lair:2   | XOM: 4-stop teleportation journey
 15612 | Lair:2   | XOM: god gift: golden ring {god gift}
 15624 | Lair:2   | XOM: noise
 15795 | Lair:2   | XOM: scenery: create altars
 15909 | Lair:2   | Noticed an elephant
 15909 | Lair:2   | Noticed an elephant
 15912 | Lair:2   | Noticed an elephant
 15914 | Lair:2   | Noticed an elephant
 15919 | Lair:2   | XOM: enchant monster (good)
 15931 | Lair:2   | XOM: confuse monster(s)
 15932 | Lair:2   | Killed an elephant
 15936 | Lair:2   | Killed an elephant
 15940 | Lair:2   | XOM: divination: detect creatures
 15942 | Lair:2   | Killed an elephant
 15950 | Lair:2   | XOM: enchant monster (bad)
 15955 | Lair:2   | Killed an elephant
 16092 | Lair:2   | XOM: summons 6 friendly demons
 16097 | Lair:2   | XOM: confuse monster(s)
 16294 | Lair:2   | XOM: enchant monster (good)
 16302 | Lair:2   | Reached XP level 11. HP: 44/46 MP: 20/23
 16359 | Lair:2   | XOM: confuse monster(s)
 16372 | Lair:2   | XOM: potion effect (magic)
 16430 | Lair:2   | XOM: god gift: potion of agility
 16539 | Lair:2   | Lost mutation: You are weak. (Str -2) [potion of cure mutation]
 16539 | Lair:2   | Lost mutation: You have a pair of small horns on your head. [potion of cure mutation]
 16539 | Lair:2   | Lost mutation: You are frail (-10% HP). [potion of cure mutation]
 16539 | Lair:2   | Lost mutation: You can translocate small distances at will. [potion of cure mutation]
 16539 | Lair:2   | Lost mutation: Your mind is very acute. (Int +4) [potion of cure mutation]
 16570 | Lair:2   | Reached skill level 10 in Fighting
 16570 | Lair:2   | Gained mutation: Your thick and shaggy fur keeps you warm (AC +3, rC+). [growing up]
 16570 | Lair:2   | Gained mutation: You can jump attack at a long distance. [growing up]
 16570 | Lair:2   | Reached XP level 12. HP: 53/58 MP: 24/24
 16605 | Lair:2   | XOM: noise
 16659 | Lair:2   | XOM: polymorph porcupine -> iguana
 16859 | Lair:2   | XOM: summons 8 friendly demons
 16876 | Lair:2   | XOM: vitrification
 16893 | Lair:2   | XOM: enchant monster (good)
 16897 | Lair:2   | XOM: confusion
 16901 | Lair:2   | XOM: polymorph wolf -> worm
 16908 | Lair:2   | XOM: summons 4 hostile shadow creatures
 17282 | D:8      | XOM: harmless Necr miscast
 17346 | D:5      | Bought a scroll of teleportation for 45 gold pieces
 17346 | D:5      | Bought a scroll of teleportation for 45 gold pieces
 17527 | D:5      | XOM: harmless Erth miscast
 17537 | D:5      | Killed TAS2012's ghost
 17650 | Orc:1    | Entered Level 1 of the Orcish Mines
 17962 | Orc:1    | XOM: summons 1 hostile demon
 18195 | Orc:1    | Found a roughly hewn altar of Beogh.
 18265 | Orc:1    | XOM: medium Ice miscast
 18510 | Orc:2    | XOM: colour smoke trail
 18520 | Orc:2    | XOM: divination: detect items
 18705 | Orc:2    | XOM: mild Trmt miscast
 18811 | Orc:3    | Noticed Gastronok
 18925 | Orc:3    | Found Zaigam's Armour Boutique.
 19150 | Orc:3    | XOM: divination: detect items
 19227 | Orc:3    | XOM: confuse monster(s)
 19229 | Orc:3    | XOM: divination: detect items
 19459 | Orc:3    | Reached skill level 12 in Dodging
 19503 | Orc:3    | XOM: divination: detect creatures
 19856 | Orc:3    | XOM: enchant monster (bad)
 19857 | Orc:3    | XOM: summons friendly shadow imp
 19867 | Orc:3    | Noticed Gastronok
 19867 | Orc:3    | Gastronok changed into Gastronok the titan
 19867 | Orc:3    | XOM: polymorph Gastronok -> Gastronok the titan
 19873 | Orc:3    | Killed from afar by Gastronok the titan
 19874 | Orc:3    | Reached XP level 11. HP: -1/55 MP: 17/23
 19875 | Orc:3    | XOM: summons 4 hostile shadow creatures
 19882 | Orc:3    | XOM: summons 5 friendly demons
 19905 | Orc:3    | XOM: 2-stop teleportation journey
 19911 | Orc:3    | XOM: divine lightning (protected)
 20223 | Lair:3   | XOM: polymorph green rat -> goblin
 20224 | Lair:3   | XOM: noise
 20232 | Lair:3   | XOM: potion effect (berserk rage)
 20248 | Lair:3   | XOM: divination: detect items
 20253 | Lair:3   | Gained mutation: Your body is slowly deteriorating. [mutagenic meat]
 20255 | Lair:3   | Gained mutation: You have difficulty communicating with the divine. [mutagenic meat]
 20256 | Lair:3   | Gained mutation: You are partially covered in icy blue scales (AC +1). [mutagenic meat]
 20315 | Lair:3   | XOM: cast spell 'Statue Form'
 20411 | Lair:3   | XOM: give mutations
 20411 | Lair:3   | Gained mutation: Your flesh is cold resistant. [Xom's grace]
 20411 | Lair:3   | Gained mutation: You have a pair of small horns on your head. [Xom's grace]
 20411 | Lair:3   | Gained mutation: Your system is resistant to poisons. [Xom's grace]
 20558 | Lair:3   | XOM: god gift: bread ration
 20588 | Lair:3   | Reached skill level 13 in Dodging
 20881 | Lair:3   | XOM: summons friendly red devil
 21102 | Lair:3   | XOM: vitrification
 21116 | Lair:3   | XOM: give mutations
 21116 | Lair:3   | Gained mutation: Your flesh is very heat resistant. [Xom's grace]
 21116 | Lair:3   | Gained mutation: You are agile. (Dex +2) [Xom's grace]
 21116 | Lair:3   | Gained mutation: You have a pair of horns on your head. [Xom's grace]
 21116 | Lair:3   | Gained mutation: You evolve. [Xom's grace]
 21282 | Lair:3   | XOM: 5-stop teleportation journey
 21298 | Lair:3   | XOM: vitrification
 21646 | Lair:3   | XOM: give mutations
 21646 | Lair:3   | Gained mutation: Your spells are a little harder to cast, but a little more powerful. [Xom's grace]
 21646 | Lair:3   | Gained mutation: You have an increased reservoir of magic (+10% MP). [Xom's grace]
 21646 | Lair:3   | Gained mutation: You have a considerably increased reservoir of magic (+20% MP). [Xom's grace]
 21646 | Lair:3   | Gained mutation: You have a pair of large horns on your head. [Xom's grace]
 21734 | Lair:3   | Noticed a six-headed hydra
 21745 | Lair:3   | XOM: summons friendly crimson imp
 21777 | Lair:3   | Killed a six-headed hydra
 22071 | Lair:4   | XOM: divination: detect creatures
 22082 | Lair:4   | Reached skill level 14 in Dodging
 22229 | Lair:4   | XOM: 2-stop teleportation journey
 22357 | Lair:4   | XOM: confuse monster(s)
 22458 | Lair:4   | Found a staircase to the Swamp.
 22535 | Lair:4   | XOM: god gift: 48 gold pieces
 22573 | Lair:4   | XOM: confuse monster(s)
 22579 | Lair:4   | Reached XP level 12. HP: 49/60 MP: 22/28
 22633 | Lair:4   | XOM: summons 10 friendly demons
 22794 | Lair:4   | XOM: potion effect (might)
 23012 | Lair:4   | XOM: vitrification
 23074 | Lair:4   | XOM: vitrification
 23097 | Lair:5   | Reached skill level 10 in Ice Magic
 23154 | Lair:5   | XOM: vitrification
 23174 | Lair:5   | XOM: harmless Necr miscast
 23332 | Lair:5   | XOM: noise
 23373 | Lair:5   | XOM: blink monster(s)
 23377 | Lair:5   | XOM: harmless Conj miscast
 23385 | Lair:5   | XOM: 1-stop teleportation journey
 23473 | Lair:5   | XOM: give mutations
 23473 | Lair:5   | Lost mutation: Your spells are a little harder to cast, but a little more powerful. [Xom's mischief]
 23473 | Lair:5   | Lost mutation: Your system is resistant to poisons. [Xom's mischief]
 23473 | Lair:5   | Lost mutation: You are partially covered in thin metallic scales (AC +2). [Xom's mischief]
 23603 | Lair:5   | XOM: summons friendly orange demon
 23848 | Lair:5   | XOM: confusion (+ monsters)
 23857 | Lair:5   | XOM: medium Conj miscast
 23927 | Lair:5   | XOM: colour smoke trail
 24049 | Lair:5   | XOM: blink monster(s)
 24237 | Lair:5   | Gained mutation: You are mostly covered in large bone plates (AC +3, SH +3). [evolution]
 24291 | Lair:5   | XOM: torment (31/60 hp)
 24355 | Lair:5   | XOM: silly message
 24480 | Lair:5   | XOM: confuse monster(s)
 24728 | Lair:6   | Found a staircase to the Snake Pit.
 24751 | Lair:6   | Found a viscous altar of Jiyva.
 24752 | Lair:6   | Found a staircase to the Slime Pits.
 24905 | Lair:6   | Noticed Snorg
 24910 | Lair:6   | XOM: summons friendly crimson imp
 24916 | Lair:6   | Killed Snorg
 25253 | Lair:6   | XOM: silly message
 25266 | Lair:6   | XOM: cast spell 'Statue Form'
 25331 | Lair:6   | XOM: summons friendly quasit
 25904 | Lair:7   | XOM: harmless Chrm miscast
 25951 | Lair:7   | Noticed a six-headed hydra
 25959 | Lair:7   | Killed a six-headed hydra
 25962 | Lair:7   | XOM: noise
 25969 | Lair:7   | XOM: silly message
 26040 | Lair:7   | XOM: god gift: scroll labeled DEAMAF DALEGI
 26114 | Lair:7   | XOM: summons 2 friendly demons
 26129 | Lair:7   | XOM: enchant monster (good)
 26137 | Lair:7   | XOM: confuse monster(s)
 26273 | Lair:6   | XOM: potion effect (brilliance)
 26425 | Lair:7   | XOM: give mutations
 26425 | Lair:7   | Lost mutation: You have a pair of large horns on your head. [Xom's mischief]
 26425 | Lair:7   | Lost mutation: Your mind is acute. (Int +2) [Xom's mischief]
 26439 | Lair:7   | XOM: potion effect (agility)
 26458 | Lair:7   | XOM: harmless Ice miscast
 26623 | Lair:7   | XOM: noise
 26637 | Lair:7   | Reached XP level 13. HP: 63/63 MP: 27/30
 26658 | Lair:7   | XOM: god gift: 8 stones
 26864 | Lair:7   | XOM: polymorph death yak -> seven-headed hydra
 26941 | Lair:7   | XOM: god gift: lantern of shadows
 26950 | Lair:7   | XOM: summons 12 friendly demons
 27026 | Lair:7   | XOM: cast spell 'Summon Dragon'
 27085 | Lair:8   | Entered Level 8 of the Lair of Beasts
 27164 | Lair:7   | XOM: god gift: sack of spiders
 27197 | Lair:7   | XOM: vitrification
 27327 | Lair:8   | XOM: confuse monster(s)
 27336 | Lair:7   | XOM: silly message
 27835 | Lair:8   | XOM: scenery: create altars
 28221 | Lair:8   | XOM: potion effect (berserk rage)
 28311 | Lair:8   | XOM: silly message
 28319 | Lair:8   | Reached skill level 10 in Unarmed Combat
 28630 | Lair:8   | XOM: divination: detect creatures
 28644 | Lair:8   | XOM: divination: magic mapping
 28777 | Lair:8   | XOM: harmless Ice miscast
 28864 | Lair:8   | XOM: harmless Tloc miscast
 29015 | Lair:8   | XOM: potion effect (haste)
 29064 | Lair:8   | XOM: silly message
 29106 | Lair:8   | Found a blossoming altar of Fedhas.
 29486 | Lair:8   | XOM: enchant monster (good)
 29489 | Lair:8   | Reached skill level 15 in Dodging
 29512 | Lair:8   | XOM: noise
 29629 | Lair:8   | XOM: cast spell 'Ice Form'
 29679 | Lair:8   | XOM: enchant monster (good)
 29724 | Lair:8   | XOM: cast spell 'Summon Small Mammal'
 30474 | Lair:8   | XOM: silly message
 30530 | Lair:8   | Reached skill level 16 in Dodging
 30549 | Lair:8   | XOM: enchant monster (good)
 30555 | Lair:8   | XOM: cast spell 'Statue Form'
 30699 | Lair:8   | Mangled by a giant leech
 30700 | Lair:8   | Reached XP level 12. HP: -8/60 MP: 20/28
 30705 | Lair:8   | XOM: silly message
 30875 | Lair:8   | XOM: silly message
 30886 | Lair:8   | XOM: enchant monster (bad)
 30906 | Lair:8   | HP: 2/60 [fire dragon/blast of flame (9)]
 30922 | Lair:8   | XOM: confusion
 30926 | Lair:8   | Killed from afar by a fire dragon

Action                   |  1- 3 |  4- 6 |  7- 9 | 10-12 | 13-15 || total
-------------------------+-------+-------+-------+-------+-------++-------
Melee: Unarmed           |    90 |   249 |   512 |  1554 |   549 ||  2954
 Cast: Ensorcelled Hiber |       |       |    16 |    59 |     2 ||    77
       Confuse           |       |       |    10 |    66 |    18 ||    94
       Metabolic Englaci |       |       |       |    22 |     6 ||    28
 Abil: Jump Attack       |       |     1 |     1 |    15 |     6 ||    23
Evoke: Wand              |       |     5 |     1 |    10 |     2 ||    18
       Sack of spiders   |       |       |       |       |     5 ||     5
  Use: Potion            |       |     3 |     5 |    13 |       ||    21
       Scroll            |       |     1 |     4 |    21 |     1 ||    27
 Stab: Sleeping          |     4 |    15 |    24 |    45 |     6 ||    94
       Distracted        |     1 |     2 |     4 |    10 |     3 ||    20
       Confused          |       |     4 |    17 |    54 |    13 ||    88
       Invisible         |       |       |    10 |       |       ||    10
       Paralysed         |       |       |       |     1 |       ||     1
  Eat: Chunk             |       |    15 |    21 |    66 |    20 ||   122
       Meat ration       |       |       |       |     1 |       ||     1
